 Dungeon Crawl Stone Soup version 0.24.0-13-gcf9b319 (webtiles) character file.

Game seed: 465323871301530299, levelgen mode: deterministic

9 Bronimir the Magician (level 2, 0/17 HPs)
             Began as an Octopode Wizard on Mar 19, 2020.
             Slain by a jackal (2 damage)
             ... on level 1 of the Dungeon.
             The game lasted 00:01:10 (334 turns).

Bronimir the Magician (Octopode Wizard)              Turns: 334, Time: 00:01:11

Health: 0/17       AC:  1    Str:  6    XL:     2   Next: 12%
Magic:  1/6        EV: 13    Int: 20    God:
Gold:   0          SH:  0    Dex: 10    Spells: 2/7 levels left

rFire    . . .     SeeInvis .   d - +0 spear
rCold    . . .     Gourm    .   (no shield)
rNeg     . . .     Faith    .   a - +0 hat
rPois    .         Spirit   .   (no amulet)
rElec    .         Reflect  .   (no ring)
rCorr    .         Harm     .   (no ring)
MR       .....                  (no ring)
Stlth    +++.......             (no ring)
HPRegen  0.05/turn              (no ring)
MPRegen  0.10/turn              (no ring)
                                (no ring)
                                (no ring)

@: no status effects
A: almost no armour, stealthy swim, amphibious, 8 rings, constrict 8, camouflage
1, gelatinous body 1
a: no special abilities


You were on level 1 of the Dungeon.
You were not hungry.

You visited 1 branch of the dungeon, and saw 1 of its levels.

Inventory:

Hand Weapons
 d - a +0 spear (weapon)
Armour
 a - a +0 hat (worn)
Comestibles
 c - a ration


   Skills:
 * Level 2.0 Dodging
 + Level 2.7 Stealth
 + Level 3.4 Spellcasting
 * Level 1.0 Conjurations
 + Level 1.0 Summonings
 + Level 1.0 Translocations


You had 2 spell levels left.
You knew the following spells:

 Your Spells              Type           Power        Failure   Level  Hunger
a - Magic Dart            Conj           #...         9%          1    None
b - Blink                 Tloc           N/A          14%         2    ##.....
c - Call Imp              Summ           #.......     14%         2    ##.....

Your spell library contained the following spells:

 Spells                   Type           Power        Failure   Level  Hunger
 Slow                     Hex            #.......     21%         2    ##.....
 Conjure Flame            Conj/Fire      #.......     32%         3    ###....
 Mephitic Cloud           Conj/Pois/Air  #.......     34%         3    ###....


Dungeon Overview and Level Annotations

Branches:
Dungeon (1/15)

Altars:


Innate Abilities, Weirdness & Mutations

You cannot wear most types of armour.
You are very stealthy in the water. (Stealth+)
You are amphibious.
You can wear up to eight rings at the same time.
You can use your tentacles to constrict eight enemies at once.
Your skin changes colour to match your surroundings (Stealth+).
Your rubbery body absorbs attacks. (AC +1, EV +1)


Message History

The jackal closely misses you. The jackal misses you.
Casting: Magic Dart (safe; 9% risk of failure)
Confirm with . or Enter, or press ? or * to list all spells.
Aiming: Magic Dart (safe; 9% risk of failure)
Press: ? - help, Shift-Dir - straight line, f - jackal
Aim: a jackal The magic dart hits the jackal.
The jackal is heavily wounded.
The jackal barely misses you.
You barely miss the jackal. Your grab misses the jackal.
The jackal is heavily wounded.
The jackal misses you. The jackal bites you.
* * * LOW HITPOINT WARNING * * *
You barely miss the jackal. Your grab misses the jackal.
The jackal is heavily wounded.
The jackal bites you but does no damage.
You hit the jackal but do no damage. You grab the jackal.
The jackal is heavily wounded.
You constrict the jackal. The jackal bites you.
You die...

#... ...# #
####.#####.######
#................
#.##.#####.^..###
######.##...).......##
#.......########...###
#.####..# ##.## #
####..## #.# #..@...#
#.# #..h...# #+#
#..##..# #.. ..# ...
.## ###. .. .. .. #.


You could see a jackal.

Vanquished Creatures
  A hobgoblin (D:1)
  3 jackals (D:1)
  2 bats (D:1)
  2 rats (D:1)
8 creatures vanquished.

Notes
Turn   | Place    | Note
-------+----------+-------------------------------------------
     0 | D:1      | Bronimir the Octopode Wizard began the quest for the Orb.
     0 | D:1      | Reached XP level 1. HP: 11/11 MP: 4/4
   316 | D:1      | Reached XP level 2. HP: 17/17 MP: 0/6
   320 | D:1      | Learned a level 2 spell: Blink
   323 | D:1      | Learned a level 2 spell: Call Imp
   334 | D:1      | Slain by a jackal

Levels and vault maps discovered:
D:1:      dpeg_arrival_tiny_j, layout_loops_corners, serial_bayou_pond_e

Action                   || total
-------------------------++-------
Melee: Unarmed           ||    10
       Spear             ||    11
       Constrict         ||     4
       Tentacles         ||     2
 Cast: Magic Dart        ||    15
Armor: Skin              ||     2
Dodge: Dodged            ||    24
